[Event "Titled Tuesday Blitz July 26 Early 2022"]
[White "Suleymanli, Aydin"]
[Black "Prestia, Paris"]
[WhiteFideId "13413937"]
[BlackFideId "30925959"]
[WhiteElo "2481"]
[BlackElo "2610"]
[Result "1-0"]
[Round "02"]
[TimeControl "180+1"]
[Date "2022.07.26"]
[WhiteClock "0:00:13"]
[BlackClock "0:00:10"]

1. e4 c5 2. Nf3 d6 3. d4 cxd4 4. Nxd4 Nf6 5. Nc3 g6 6. g3 Nc6 7. Bg2 Nxd4 8. Qxd4 Bg7 9. O-O O-O 10. Qd3 Qc7 11. Bg5 Be6 12. Rfe1 a6 13. a4 Rac8 14. Rac1 h6 15. Be3 Ng4 16. Bd4 Ne5 17. Qd1 Bg4 18. Nd5 Qd8 19. Qd2 Nc4 20. Qc3 Ne5 21. Qb3 Be6 22. Rcd1 Bxd5 23. exd5 b5 24. axb5 axb5 25. Qxb5 Rxc2 26. Be4 Rc8 27. Bc3 Qd7 28. Qe2 Rfe8 29. Bg2 Nc4 30. Bxg7 Kxg7 31. Rd4 Ne5 32. Re4 h5 33. h3 Qc7 34. Kh1 Kf8 35. Qe3 Nd7 36. Qd4 Nf6 37. R4e2 Kg7 38. g4 hxg4 39. hxg4 Rh8+ 40. Kg1 Qc5 41. Qf4 Qc4 42. Qxc4 Rxc4 43. Rxe7 Nxg4 44. Rd7 Ne5 45. Kf1 Rc2 46. Rxd6 Nd3 47. Rd1 Nxf2 48. Rd4 f5 49. Rc6 Rxc6 50. dxc6 Ng4 51. b4 Ne3+ 52. Kf2 Nxg2 53. Kxg2 Rb8 54. c7 Rc8 55. Rc4 Kf7 56. b5 Ke7 57. b6 Kd7 58. b7 Rxc7 59. Rd4+ Ke6 60. b8=Q Rc2+ 61. Kg3 Rc3+ 62. Kf4 Rc6 63. Qe5+ Kf7 64. Rd7+ Kf8 65. Qe7+ Kg8 66. Qg7# 1-0


[Site "https://www.chess.com"]

[Event "Titled Tuesday Blitz July 26 Early 2022"]
[White "Taboas Rodriguez, Daniel"]
[Black "Drygalov, Andrey"]
[WhiteFideId "2208466"]
[BlackFideId "24171735"]
[WhiteElo "2429"]
[BlackElo "2531"]
[Result "1-0"]
[Round "02"]
[TimeControl "180+1"]
[Date "2022.07.26"]
[WhiteClock "0:00:16"]
[BlackClock "0:00:27"]

1. d4 Nf6 2. Nf3 g6 3. c4 Bg7 4. Nc3 d5 5. cxd5 Nxd5 6. e4 Nxc3 7. bxc3 c5 8. Be3 Qa5 9. Qd2 O-O 10. Rc1 Rd8 11. d5 e6 12. Bg5 f6 13. Bf4 exd5 14. exd5 Nc6 15. Bc4 Be6 16. O-O Ne7 17. Qe2 Bxd5 18. Qxe7 Bxc4 19. Bc7 Re8 20. Qxe8+ Rxe8 21. Bxa5 Bxf1 22. Kxf1 b6 23. Bxb6 axb6 24. Rb1 Re6 25. c4 f5 26. Re1 Rd6 27. Ke2 Rd8 28. Rd1 Ra8 29. Rd2 h6 30. Ke3 g5 31. g3 Ra3+ 32. Ke2 Rc3 33. Rd8+ Kf7 34. Rd7+ Kf8 35. Rd5 Rxc4 36. Rxf5+ Ke7 37. Rd5 g4 38. Nh4 Bd4 39. Rh5 Rc2+ 40. Kd3 Rc3+ 41. Ke4 Bxf2 42. Rxh6 c4 43. Nf5+ Kd7 44. Kd5 Rc1 45. Rh7+ Ke8 46. Nd6+ Kd8 47. Kc6 1-0


[Site "https://www.chess.com"]

[Event "Titled Tuesday Blitz July 26 Early 2022"]
[White "Taichman, Ori"]
[Black "Lazavik, Denis"]
[WhiteFideId "2804069"]
[BlackFideId "13515110"]
[WhiteElo "2227"]
[BlackElo "2437"]
[Result "0-1"]
[Round "02"]
[TimeControl "180+1"]
[Date "2022.07.26"]
[WhiteClock "0:00:15"]
[BlackClock "0:00:07"]

1. e4 c5 2. b3 Nc6 3. Bb2 d6 4. f4 Nf6 5. Nc3 g6 6. Qe2 Bg7 7. O-O-O O-O 8. Nf3 Bg4 9. h3 Nd4 10. Qf2 Bxf3 11. gxf3 Rb8 12. f5 b5 13. fxg6 fxg6 14. h4 Nh5 15. Be2 a5 16. Rdg1 a4 17. Nd5 axb3 18. axb3 e6 19. f4 Nxe2+ 20. Qxe2 Bxb2+ 21. Kxb2 Kh8 22. Nc3 Nxf4 23. Qg4 Qf6 24. Kb1 b4 25. Na4 c4 26. h5 gxh5 27. Qh4 cxb3 28. cxb3 Qe5 29. Qe7 Qxe4+ 30. Ka1 Qd4+ 31. Kb1 Ng6 32. Qxe6 Qd3+ 33. Ka1 Rbe8 34. Qd7 Re7 35. Qc6 Qxb3 36. Rxh5 Ra7 37. Rxh7+ Kxh7 38. Qh1+ Kg7 39. Rxg6+ Kxg6 40. Qg1+ Kh5 41. Qxa7 Rf1# 0-1


[Site "https://www.chess.com"]

[Event "Titled Tuesday Blitz July 26 Early 2022"]
[White "Vagman, Roy"]
[Black "Tarasova, Viktoriya"]
[WhiteFideId "2828995"]
[BlackFideId "4175840"]
[WhiteElo "1956"]
[BlackElo "2182"]
[Result "1-0"]
[Round "02"]
[TimeControl "180+1"]
[Date "2022.07.27"]
[WhiteClock "0:00:10"]
[BlackClock "0:00:15"]

1. d4 Nf6 2. c4 e6 3. Nc3 Bb4 4. e3 O-O 5. Ne2 d5 6. a3 Bd6 7. c5 Be7 8. b4 b6 9. Bb2 c6 10. f4 a5 11. Ng3 Ba6 12. Bd3 Bxd3 13. Qxd3 Na6 14. Na4 Nd7 15. Bc3 axb4 16. axb4 b5 17. Nb6 Nxb6 18. cxb6 Nxb4 19. Qd1 Rxa1 20. Bxa1 Qxb6 21. O-O f5 22. Bc3 Na6 23. Ne2 b4 24. Bd2 b3 25. g4 g6 26. gxf5 exf5 27. Nc1 Rb8 28. Nd3 b2 29. Qb1 Qb3 30. Ne5 Qb5 31. Kf2 c5 32. Rg1 Bh4+ 33. Kf3 Kh8 34. Bc3 c4 35. Bxb2 Qxb2 36. Qf1 Kg7 37. Rg2 Qb1 38. Qxb1 Rxb1 39. Ra2 Rb6 40. Nd7 Rc6 41. Ne5 Re6 42. Rb2 Re7 43. Rb6 Nc7 44. Rc6 Bf6 45. Ke2 h6 46. Nf3 g5 47. fxg5 hxg5 48. Kd2 g4 49. Ne1 Bg5 50. Ng2 Ne6 51. Rb6 Rc7 52. Rxe6 c3+ 53. Kc2 Bf6 54. Rd6 Ra7 55. Kxc3 Ra2 56. Nf4 Rxh2 57. Rxd5 g3 58. Rxf5 g2 59. Nxg2 Rxg2 60. Rb5 Kg6 61. Kd3 Rg3 62. Ke4 Kf7 63. Rb6 Rg1 64. Rb7+ Kg6 65. Rb6 Rc1 66. Kd5 Re1 67. e4 Rd1 68. e5 Rf1 69. Rxf6+ Rxf6 70. exf6 Kxf6 71. Kc6 Ke7 72. d5 Kd8 73. Kd6 Kc8 74. Ke7 Kc7 75. d6+ 1-0


[Site "https://www.chess.com"]

[Event "Titled Tuesday Blitz July 26 Early 2022"]
[White "Vakhlamov, Igor L."]
[Black "Zeynalli, Rashad"]
[WhiteFideId "24126748"]
[BlackFideId "13403320"]
[WhiteElo "2401"]
[BlackElo "2125"]
[Result "1-0"]
[Round "02"]
[TimeControl "180+1"]
[Date "2022.07.26"]
[WhiteClock "0:00:29"]
[BlackClock "0:00:02"]

1. e4 c5 2. Nf3 d6 3. Nc3 Nf6 4. d4 cxd4 5. Qxd4 Nc6 6. Bb5 Bd7 7. Bxc6 Bxc6 8. Bg5 e5 9. Qd3 Be7 10. Bxf6 Bxf6 11. O-O-O Be7 12. Nd5 Bxd5 13. Qxd5 Qc7 14. Kb1 O-O 15. h4 Rac8 16. c3 b5 17. Rd2 Qb6 18. g4 Rc5 19. Qd3 Rfc8 20. g5 b4 21. cxb4 Qxb4 22. h5 Qc4 23. a3 Qxd3+ 24. Rxd3 Rc2 25. Rf1 Re2 26. Re3 Rcc2 27. Rb3 f6 28. g6 hxg6 29. hxg6 Rc8 30. Re3 Rxe3 31. fxe3 Rc4 32. Nd2 Rc8 33. Rc1 Rxc1+ 34. Kxc1 Kf8 35. Nf3 Ke8 36. Nh4 Kd7 37. Nf5 Bf8 38. Kc2 Ke6 39. Kd3 d5 40. b4 dxe4+ 41. Kxe4 a6 42. a4 Kd7 43. b5 a5 44. Kd5 Kc7 45. Ke6 1-0


[Site "https://www.chess.com"]

[Event "Titled Tuesday Blitz July 26 Early 2022"]
[White "Williams, Simon K"]
[Black "Hansen, Eric"]
[WhiteFideId "404454"]
[BlackFideId "2606771"]
[WhiteElo "2468"]
[BlackElo "2568"]
[Result "1-0"]
[Round "02"]
[TimeControl "180+1"]
[Date "2022.07.26"]
[WhiteClock "0:00:17"]
[BlackClock "0:00:31"]

1. d4 Nf6 2. c4 e6 3. Nf3 b6 4. g3 Ba6 5. Qc2 c6 6. e4 d5 7. cxd5 Bxf1 8. Kxf1 cxd5 9. e5 Ne4 10. Nbd2 Nxd2+ 11. Bxd2 Be7 12. Kg2 O-O 13. Rac1 Qd7 14. Qc7 Bd8 15. Qxd7 Nxd7 16. a4 Re8 17. h4 f6 18. Bf4 h5 19. Rc6 Kf7 20. b4 Nf8 21. Rhc1 Ng6 22. Rc8 Be7 23. Rxe8 Kxe8 24. b5 Kd7 25. exf6 gxf6 26. Rc7+ Kd8 27. Rb7 Nxf4+ 28. gxf4 Bd6 29. Rh7 Rc8 30. Rxh5 Bxf4 31. Rh8+ Kc7 32. Rxc8+ Kxc8 33. Kh3 Kd7 34. Kg4 Bc1 35. Kh5 Kd6 36. Kg6 e5 37. h5 e4 38. Nh4 Ke6 39. Nf5 1-0


[Site "https://www.chess.com"]

[Event "Titled Tuesday Blitz July 26 Early 2022"]
[White "Xu, Yi"]
[Black "Manukyan, Sargis A."]
[WhiteFideId "8605564"]
[BlackFideId "13303970"]
[WhiteElo "2471"]
[BlackElo "2187"]
[Result "1-0"]
[Round "02"]
[TimeControl "180+1"]
[Date "2022.07.26"]
[WhiteClock "0:00:26"]
[BlackClock "0:00:05"]

1. e4 e6 2. d4 d5 3. Nd2 Nc6 4. Ngf3 Nf6 5. e5 Nd7 6. Bd3 Nb4 7. Be2 c5 8. c3 Nc6 9. Nf1 Be7 10. Ng3 f6 11. Nh5 O-O 12. exf6 Nxf6 13. Nxf6+ Bxf6 14. O-O cxd4 15. cxd4 Qb6 16. Be3 Qxb2 17. Bd3 Qa3 18. Rb1 Qe7 19. Re1 Qf7 20. Qc2 Qh5 21. h3 Bd8 22. Ne5 Nxe5 23. dxe5 Qh4 24. Bc5 Rf7 25. Rb4 Qh5 26. Rg4 Bb6 27. Re3 Bxc5 28. Qxc5 Bd7 29. Qd4 Raf8 30. Rh4 Qd1+ 31. Kh2 g6 32. Bxg6 Qxd4 33. Bxf7+ Rxf7 34. Rxd4 Rxf2 35. Rg3+ Kf7 36. Rh4 h5 37. Rxh5 Ke7 38. Rh7+ Rf7 39. Rxf7+ Kxf7 40. h4 Bc6 41. h5 d4 42. h6 Be4 43. Rg4 Bf5 44. Rxd4 Kf8 45. Rd7 Kg8 46. Rxb7 a5 47. Ra7 1-0


[Site "https://www.chess.com"]

[Event "Titled Tuesday Blitz July 26 Early 2022"]
[White "Zemlyanskii, Ivan"]
[Black "Hakobyan, Aram"]
[WhiteFideId "24249971"]
[BlackFideId "13306677"]
[WhiteElo "1815"]
[BlackElo "2557"]
[Result "1/2-1/2"]
[Round "02"]
[TimeControl "180+1"]
[Date "2022.07.26"]
[WhiteClock "0:00:20"]
[BlackClock "0:00:20"]

1. d4 d5 2. c4 e6 3. Nf3 a6 4. e3 Nf6 5. b3 b6 6. Bd3 Bb7 7. O-O Nbd7 8. Bb2 Bd6 9. Nbd2 O-O 10. cxd5 exd5 11. Ne5 Re8 12. f4 c5 13. Rc1 cxd4 14. exd4 b5 15. Bf5 Nf8 16. a3 Ne4 17. Nxe4 dxe4 18. d5 e3 19. Qe2 f6 20. Nc6 Bxc6 21. dxc6 Qc7 22. g3 Re7 23. Bd3 Rd8 24. a4 bxa4 25. bxa4 Qb6 26. Bxa6 Bc7 27. Ba3 Rd2 28. Bxe7 Rxe2 29. Bxe2 Ne6 30. Rfd1 Nd4 31. Bc4+ Kh8 32. Rb1 e2 33. Bxe2 Nxe2+ 34. Kf1 Nxg3+ 35. hxg3 Qa6+ 36. Kg1 h6 37. Rbc1 Qxa4 38. Bd8 Qa7+ 39. Kg2 Qa2+ 40. Kg1 Qa7+ 41. Kg2 Qa2+ 42. Kh1 Qe6 43. Bxc7 Qh3+ 44. Kg1 Qxg3+ 45. Kf1 Qf3+ 46. Kg1 Kh7 47. f5 Qg4+ 48. Kf2 Qxf5+ 49. Ke3 Qe6+ 50. Kd4 Qe7 51. Bb6 Qb4+ 52. Rc4 Qxb6+ 53. Kc3 Qa5+ 54. Kc2 Qa2+ 55. Kc3 Qa3+ 56. Kc2 Qa2+ 57. Kc3 Qa5+ 58. Kc2 Qf5+ 59. Kc3 Qf3+ 60. Rd3 Qf1 61. c7 Qc1+ 62. Kb3 Qb1+ 63. Kc3 Qc1+ 64. Kb3 Qb1+ 65. Kc3 Qc1+ 1/2-1/2


[Site "https://www.chess.com"]

[Event "Titled Tuesday Blitz July 26 Early 2022"]
[White "Zhigalko, Sergei"]
[Black "Plazuelo Pascual, Juan"]
[WhiteFideId "13502956"]
[BlackFideId "32059566"]
[WhiteElo "2662"]
[BlackElo "2416"]
[Result "1-0"]
[Round "02"]
[TimeControl "180+1"]
[Date "2022.07.26"]
[WhiteClock "0:00:03"]
[BlackClock "0:00:11"]

1. e4 c5 2. Nf3 e6 3. c3 Nf6 4. e5 Nd5 5. Bc4 d6 6. d4 cxd4 7. cxd4 Nb6 8. Bd3 Nc6 9. O-O Be7 10. Nc3 Nb4 11. Be4 dxe5 12. dxe5 Qxd1 13. Rxd1 O-O 14. Bg5 Bxg5 15. Nxg5 h6 16. Nf3 Bd7 17. Bxb7 Rab8 18. Be4 Ba4 19. b3 Bc6 20. Bxc6 Nxc6 21. Rac1 Rfd8 22. Rd6 Rxd6 23. exd6 Rd8 24. Nb5 Nb4 25. a3 a6 26. Nc7 Nd3 27. Rc6 Nc8 28. Rxa6 Nxd6 29. Ra8 Rxa8 30. Nxa8 Ne4 31. Nb6 Nexf2 32. Nd2 Nd1 33. a4 e5 34. Nd5 f5 35. a5 Nc5 36. b4 Nd7 37. b5 e4 38. b6 e3 39. Nf3 e2 40. a6 Ne5 41. Ne1 Nc6 42. a7 Nc3 43. a8=Q+ Kh7 44. Qxc6 1-0


[Site "https://www.chess.com"]

[Event "Titled Tuesday Blitz July 26 Early 2022"]
[White "Zhukov, Maksim"]
[Black "Obregon Garcia, Roxangel"]
[WhiteFideId "34181790"]
[BlackFideId "3520420"]
[WhiteElo "1978"]
[BlackElo "2036"]
[Result "0-1"]
[Round "02"]
[TimeControl "180+1"]
[Date "2022.07.27"]
[WhiteClock "0:00:07"]
[BlackClock "0:00:24"]

1. Nf3 d5 2. g3 Nf6 3. Bg2 Nbd7 4. O-O e5 5. d3 Bd6 6. c4 c6 7. cxd5 cxd5 8. Nc3 h6 9. Qb3 Nb6 10. e4 d4 11. Na4 Be6 12. Qb5+ Bd7 13. Nxb6 Bxb5 14. Nxa8 Bxd3 15. Rd1 Bxe4 16. Re1 Qxa8 17. Nxe5 Bxe5 18. Bxe4 O-O 19. Bg2 Bd6 20. Bd2 Qc8 21. Rac1 Qd7 22. b3 Ba3 23. Rc4 Rd8 24. b4 d3 25. Bf1 b5 26. Rc5 Qd4 27. Rxb5 Bb2 28. Be3 Qc4 29. Rc5 Qxb4 30. Rd1 Ne4 31. Rc7 d2 32. Bg2 Nc3 33. Rxd2 Rxd2 34. Bxd2 Ne2+ 35. Kf1 Qxd2 36. Be4 g6 37. Rc2 Qd1+ 38. Kg2 Nd4 39. Rxb2 Kg7 40. Rb7 Kf6 41. Rxa7 Qe1 42. Bd5 Ne6 43. Bxe6 Qxe6 44. Ra3 Qd5+ 45. Kg1 h5 46. Re3 g5 47. a3 h4 48. h3 Qd2 49. Kg2 hxg3 50. Kxg3 Kg6 51. h4 f5 52. hxg5 Kxg5 53. f4+ Kh5 54. Rf3 Kg6 55. Rb3 Kf6 56. Rb6+ Ke7 57. Rb4 Qc3+ 58. Kh4 Qxa3 59. Rb7+ Ke6 60. Rb6+ Kd5 61. Kg5 Qd3 62. Rf6 Ke4 63. Re6+ Kf3 64. Re5 Qd8+ 65. Kg6 Qg8+ 66. Kxf5 Qf7+ 67. Kg5 Qxf4+ 68. Kg6 Qxe5 69. Kh7 Qg5 70. Kh8 Kf4 71. Kh7 Kf5 72. Kh8 Kf6 73. Kh7 Qg7# 0-1


[Site "https://www.chess.com"]

[Event "Titled Tuesday Blitz July 26 Early 2022"]
[White "Aaditya Dhingra"]
[Black "Lashkin, Jegor"]
[WhiteFideId "25678191"]
[BlackFideId "13907808"]
[WhiteElo "1849"]
[BlackElo "2368"]
[Result "1-0"]
[Round "03"]
[TimeControl "180+1"]
[Date "2022.07.27"]
[WhiteClock "0:00:10"]
[BlackClock "0:00:21"]

1. e4 b6 2. d4 Bb7 3. Nc3 e6 4. Bd3 Bb4 5. Ne2 Nf6 6. e5 Ne4 7. O-O Nxc3 8. bxc3 Be7 9. Ng3 g6 10. Be4 Qc8 11. Qf3 Nc6 12. Bh6 d5 13. Bd3 Ba6 14. c4 Nb4 15. cxd5 Bxd3 16. cxd3 Nxd5 17. Ne4 Qd7 18. a4 a5 19. Rfc1 Rg8 20. Rc4 g5 21. Qh5 Rg6 22. Bxg5 Bxg5 23. Nxg5 O-O-O 24. g3 Rdg8 25. Ne4 Kb8 26. Rac1 Qe7 27. Qf3 Rc8 28. Nc3 Nb4 29. Nb5 Nd5 30. Nc3 Nb4 31. d5 Rgg8 32. dxe6 Qxe6 33. Nb5 Na6 34. d4 Rgd8 35. Rc6 Qd7 36. Kg2 Qe7 37. d5 Qxe5 38. d6 cxd6 39. Rxb6# 1-0


[Site "https://www.chess.com"]

[Event "Titled Tuesday Blitz July 26 Early 2022"]
[White "Amburgy, Ryan"]
[Black "Kubicka, Anna"]
[WhiteFideId "30924820"]
[BlackFideId "1152254"]
[WhiteElo "2066"]
[BlackElo "2025"]
[Result "1-0"]
[Round "03"]
[TimeControl "180+1"]
[Date "2022.07.26"]
[WhiteClock "0:00:19"]
[BlackClock "0:00:01"]

1. d4 Nf6 2. Nc3 c5 3. d5 e6 4. e4 exd5 5. e5 Ng8 6. Nxd5 Ne7 7. Bc4 Nxd5 8. Qxd5 Qe7 9. Nf3 Nc6 10. Bf4 Nb4 11. Qd2 d5 12. Bxd5 Nxd5 13. Qxd5 Be6 14. Qd3 c4 15. Qe3 Qb4+ 16. Nd2 Bc5 17. Qc3 Qxc3 18. bxc3 O-O 19. Rb1 Bd5 20. O-O Rad8 21. Rfd1 a6 22. h3 b5 23. a4 bxa4 24. Ra1 a3 25. Nb1 Be4 26. Rxd8 Rxd8 27. Nxa3 Bxa3 28. Rxa3 Rd1+ 29. Kh2 Bxc2 30. Rxa6 h6 31. Be3 Rd3 32. Bd4 Kh7 33. e6 fxe6 34. Rxe6 g5 35. Re7+ Kg6 36. g4 h5 37. Rc7 hxg4 38. hxg4 Bd1 39. Rc6+ Kf7 40. Rxc4 Bxg4 41. Rc5 Kg6 42. Be3 Bf5 43. Kg3 Rd1 44. Rc7 Be4 45. f3 Bd5 46. c4 Be6 47. c5 Bd5 48. Rc8 Rd3 49. Kf2 Rc3 50. Rd8 Rc2+ 51. Kg3 Bb7 52. Rd6+ Kf5 53. Rb6 Bd5 54. Rb8 Rc3 55. Rf8+ Kg6 56. Re8 Kf5 57. Kf2 Rc2+ 58. Kg3 Rc3 59. Re7 Kf6 60. Bd4+ Kxe7 61. Bxc3 Kf7 62. Kg4 Ke6 63. Bd2 Kf6 64. Bxg5+ Kg6 65. Be3 Kf6 66. Kf4 Ke6 67. Bd4 Bc6 68. Kg4 Kf7 69. f4 Bd5 70. Kf5 Bc6 71. Ke5 Ke7 72. f5 Bf3 73. f6+ Kf7 74. Kd6 Ke8 75. c6 1-0


[Site "https://www.chess.com"]

[Event "Titled Tuesday Blitz July 26 Early 2022"]
[White "Andreikin, Dmitry"]
[Black "Hafiz, Arif Abdul"]
[WhiteFideId "4158814"]
[BlackFideId "7104227"]
[WhiteElo "2736"]
[BlackElo "2198"]
[Result "1/2-1/2"]
[Round "03"]
[TimeControl "180+1"]
[Date "2022.07.26"]
[WhiteClock "0:00:16"]
[BlackClock "0:00:09"]

1. d4 Nc6 2. Nf3 d5 3. Bf4 Bf5 4. e3 e6 5. Be2 Bd6 6. Bg3 Nf6 7. O-O O-O 8. c4 dxc4 9. Bxc4 Qe7 10. Nc3 Bxg3 11. hxg3 e5 12. d5 Rad8 13. Qa4 Nb4 14. Rac1 Bd3 15. d6 Qxd6 16. Nb5 Qe7 17. Bxd3 Nxd3 18. Rxc7 Qe6 19. Qxa7 Ra8 20. Qxb7 Rab8 21. Qc6 Qxc6 22. Rxc6 Rxb5 23. b3 Nb4 24. Rc4 Nxa2 25. Ra1 Nb4 26. Nxe5 Rxe5 27. Rxb4 g6 28. Rb7 Rc5 29. b4 Rc2 30. f3 Nd5 31. Re1 Ra8 32. e4 Nc3 33. Kh1 Raa2 34. Rc7 Rab2 35. e5 Nd5 36. Rxc2 Rxc2 37. b5 Rb2 38. e6 fxe6 39. Rxe6 Rxb5 40. Rd6 Kf7 41. Rd7+ Ne7 42. g4 Rd5 43. Ra7 Rd2 44. Kh2 g5 45. Kg3 Rd6 46. Ra3 Kf6 47. Ra7 h6 48. Kh3 Ng6 49. g3 Rd3 50. Ra6+ Kf7 51. Ra7+ Ne7 52. Kg2 Rd2+ 53. Kg1 Ke6 54. Ra6+ Rd6 55. Ra8 Nd5 56. Kf2 Ke5 57. Re8+ Kd4 58. Re4+ Kd3 59. Re1 Nc3 60. Re3+ Kc4 61. Re8 Rd2+ 62. Ke1 Rg2 63. Kf1 Rxg3 64. Kf2 Rh3 65. Kg2 Rh4 66. Kg3 Kd3 67. Kg2 Ne2 68. Rd8+ Ke3 69. Re8+ Kd2 70. Rd8+ Ke3 71. Re8+ Kd3 72. Rd8+ Nd4 73. Rd7 Kc4 74. Re7 Kd5 75. Rd7+ Ke5 76. Rd8 Ne6 77. Re8 Kf6 78. Kg3 Nf4 79. Rf8+ Ke5 80. Rf5+ Ke6 81. Rxf4 gxf4+ 82. Kxh4 Kf6 83. Kh5 Kg7 84. g5 hxg5 85. Kxg5 Kf7 86. Kf5 Ke7 87. Ke5 Kf7 88. Ke4 Ke6 89. Kxf4 Kf6 90. Kg4 Kg6 91. f4 Kf6 92. f5 Kf7 93. Kg5 Kg7 94. f6+ Kf7 95. Kf5 Kf8 96. Ke6 Ke8 97. f7+ Kf8 98. Kf6 1/2-1/2


[Site "https://www.chess.com"]

[Event "Titled Tuesday Blitz July 26 Early 2022"]
[White "Begmuratov, Khumoyun"]
[Black "Zhigalko, Sergei"]
[WhiteFideId "14210207"]
[BlackFideId "13502956"]
[WhiteElo "1978"]
[BlackElo "2662"]
[Result "0-1"]
[Round "03"]
[TimeControl "180+1"]
[Date "2022.07.26"]
[WhiteClock "0:00:03"]
[BlackClock "0:00:11"]

1. e4 c5 2. Nf3 Nc6 3. Nc3 Nf6 4. d4 cxd4 5. Nxd4 e5 6. Ndb5 d6 7. Bg5 a6 8. Na3 b5 9. Nd5 Be7 10. Bxf6 Bxf6 11. c3 Bg5 12. Nc2 Ne7 13. Nce3 Bxe3 14. Nxe3 O-O 15. g3 Be6 16. Bg2 a5 17. O-O Rb8 18. Qd2 Qb6 19. Rad1 Rfd8 20. Kh1 Bxa2 21. f4 Bb3 22. Rde1 b4 23. Ng4 f6 24. f5 bxc3 25. bxc3 Bc4 26. Rf2 a4 27. Bf1 Bf7 28. c4 Nc6 29. Rg2 Nd4 30. Nxf6+ gxf6 31. Qh6 d5 32. g4 Nf3 33. g5 Kh8 34. g6 Bxg6 35. fxg6 Rb7 36. Re3 Ng5 37. Reg3 Rg7 38. gxh7 Rxh7 39. Qxf6+ Qxf6 0-1


[Site "https://www.chess.com"]

[Event "Titled Tuesday Blitz July 26 Early 2022"]
[White "Bekturov, Tamerlan"]
[Black "Kamsky, Gata"]
[WhiteFideId "13710184"]
[BlackFideId "2000024"]
[WhiteElo "2128"]
[BlackElo "2645"]
[Result "1/2-1/2"]
[Round "03"]
[TimeControl "180+1"]
[Date "2022.07.26"]
[WhiteClock "0:00:10"]
[BlackClock "0:00:16"]

1. d4 Nf6 2. c4 g6 3. Nc3 Bg7 4. e4 d6 5. Be2 e5 6. Nf3 O-O 7. Be3 c6 8. d5 c5 9. O-O Ng4 10. Bd2 f5 11. Ne1 Nf6 12. exf5 Bxf5 13. Nc2 Na6 14. Ne3 Bd7 15. a3 Nc7 16. b4 b6 17. bxc5 bxc5 18. Rb1 Rb8 19. Qc2 Qe7 20. Rxb8 Rxb8 21. Rb1 Qe8 22. Ne4 Nxe4 23. Qxe4 Na8 24. h3 Rxb1+ 25. Qxb1 Nb6 26. Ba5 Qb8 27. Bg4 Be8 28. Be6+ Kh8 29. Nf1 Qb7 30. Nd2 Qa6 31. Bxb6 Qxb6 32. Qd3 Bf6 33. Ne4 Be7 34. Kh2 Qb2 35. Qf3 Kg7 36. g4 Qc1 37. Kg3 Qxc4 38. g5 Qc1 39. h4 h6 40. Kg4 Qf4+ 41. Qxf4 exf4 42. Kxf4 hxg5+ 43. hxg5 Bb5 44. Ke3 Ba4 45. f4 Bc2 46. Bd7 Bxe4 47. Kxe4 Bd8 48. Bb5 Ba5 49. Bd3 Bd2 50. Kf3 Kf7 51. Kg4 Kg7 52. f5 gxf5+ 53. Kxf5 Bc1 54. Bc4 1/2-1/2


[Site "https://www.chess.com"]

[Event "Titled Tuesday Blitz July 26 Early 2022"]
[White "Bryakin, Mikhail"]
[Black "McCoy, Owen"]
[WhiteFideId "4165314"]
[BlackFideId "30924502"]
[WhiteElo "2422"]
[BlackElo "2535"]
[Result "1-0"]
[Round "03"]
[TimeControl "180+1"]
[Date "2022.07.26"]
[WhiteClock "0:00:12"]
[BlackClock "0:00:10"]

1. e4 c5 2. d4 d6 3. dxc5 Qa5+ 4. Nc3 Qxc5 5. Be3 Qa5 6. Qd2 Nc6 7. Nf3 Nf6 8. Bc4 Bg4 9. Nd4 Ne5 10. Bb5+ Bd7 11. Bxd7+ Nfxd7 12. Nd5 Qxd2+ 13. Kxd2 Rc8 14. b3 e6 15. Nf4 g5 16. Nd3 Rg8 17. f3 h5 18. Rac1 a6 19. c4 g4 20. Nxe5 Nxe5 21. f4 Nd7 22. Rhe1 Bh6 23. f5 Bxe3+ 24. Rxe3 Ke7 25. Rf1 Ne5 26. Ne2 h4 27. Nf4 h3 28. gxh3 Nf3+ 29. Kd3 Nxh2 30. Rg1 Nf3 31. Rg3 Ne5+ 32. Ke2 gxh3 33. Nxh3 Rh8 34. fxe6 fxe6 35. Rg7+ Kf6 36. Rxb7 Rcg8 37. Kd2 Rg2+ 38. Kc3 Rh2 39. Nf4 Rf2 40. Nd3 Nc6 41. Nxf2 Ke5 42. Nd3+ Kf6 43. e5+ dxe5 44. Rb6 e4 45. Nf4 Nd8 46. Ne2 Rh4 47. Rxa6 Ke5 48. Nc1 Rh2 49. Re2 Rh1 50. Kb2 Nf7 51. Rc2 Kf4 52. Ra5 Ng5 53. Ne2+ Kg4 54. Nc3 e5 55. Rxe5 Kf4 56. Re8 Nf3 57. Re2 Kg3 58. R2xe4 Rh2+ 59. Re2 Rh1 60. R8e3 Kf4 61. Rxf3+ Kxf3 62. c5 Rh5 63. b4 Rh4 64. Kb3 1-0


[Site "https://www.chess.com"]

[Event "Titled Tuesday Blitz July 26 Early 2022"]
[White "Csonka, Balazs"]
[Black "Jarmula, Lukasz"]
[WhiteFideId "742910"]
[BlackFideId "1160664"]
[WhiteElo "2404"]
[BlackElo "2246"]
[Result "1-0"]
[Round "03"]
[TimeControl "180+1"]
[Date "2022.07.27"]
[WhiteClock "0:00:03"]
[BlackClock "0:00:10"]

1. d4 d5 2. Nf3 Nf6 3. c4 dxc4 4. e3 e6 5. Bxc4 c5 6. O-O Nc6 7. Qe2 a6 8. Rd1 b5 9. dxc5 Qc7 10. Bd3 Bxc5 11. a4 bxa4 12. Rxa4 O-O 13. Nc3 Nb4 14. Bb1 a5 15. Ne4 Be7 16. Nd4 Ba6 17. Qf3 Bb7 18. Bd2 h6 19. Nxf6+ Bxf6 20. Be4 Bxe4 21. Qxe4 Bxd4 22. exd4 Nd5 23. Rda1 Nf6 24. Qe5 Qc2 25. Bxh6 Rab8 26. h3 Rxb2 27. Be3 Rfb8 28. Rxa5 Rb1+ 29. Kh2 Qd1 30. Rxb1 Rxb1 31. Ra8+ Kh7 32. d5 Nh5 33. Qe4+ f5 34. Qxb1 Qxb1 35. dxe6 Qe4 36. Ra6 f4 37. Bc5 Nf6 38. e7 f3 39. gxf3 Qxf3 40. Re6 Qxf2+ 41. Bxf2 1-0


[Site "https://www.chess.com"]

[Event "Titled Tuesday Blitz July 26 Early 2022"]
[White "Djokic, Mihailo"]
[Black "Kozak, Adam"]
[WhiteFideId "976440"]
[BlackFideId "753246"]
[WhiteElo "2246"]
[BlackElo "2459"]
[Result "1-0"]
[Round "03"]
[TimeControl "180+1"]
[Date "2022.07.26"]
[WhiteClock "0:00:04"]
[BlackClock "0:01:47"]

1. e4 e5 2. Nf3 Nc6 3. Nc3 Nf6 4. Bb5 Bd6 5. Bxc6 dxc6 6. d4 exd4 7. Qxd4 Bg4 8. e5 Bxf3 9. exf6 Bh5 10. fxg7 Rg8 11. Ne4 Qe7 12. O-O O-O-O 13. Nxd6+ Rxd6 14. Qxa7 Rxg7 15. Bf4 Rxg2+ 16. Kxg2 Qe4+ 17. f3 Qxf4 18. Rf2 Rg6+ 19. Kf1 Qc4+ 20. Re2 Re6 21. Qa8+ Kd7 22. Rd1+ Ke7 23. Qd8# 1-0


[Site "https://www.chess.com"]

[Event "Titled Tuesday Blitz July 26 Early 2022"]
[White "Domingo Nunez, Ruben"]
[Black "Pichot, Alan"]
[WhiteFideId "22245570"]
[BlackFideId "110973"]
[WhiteElo "2373"]
[BlackElo "2579"]
[Result "0-1"]
[Round "03"]
[TimeControl "180+1"]
[Date "2022.07.26"]
[WhiteClock "0:00:02"]
[BlackClock "0:00:20"]

1. c4 e5 2. Nc3 Bb4 3. Qc2 Nf6 4. g3 Bxc3 5. Qxc3 d6 6. Bg2 O-O 7. a3 Re8 8. b4 a5 9. Bb2 Nc6 10. Nf3 Bf5 11. O-O h6 12. d3 Qd7 13. Rfe1 Bh3 14. Bh1 Bg4 15. b5 Nd8 16. a4 Ne6 17. Nd2 Ra7 18. Nb3 b6 19. Bc6 Qd8 20. f3 Bh5 21. Bxe8 Qxe8 22. Rf1 Nd7 23. Ba3 f6 24. Rae1 g5 25. e3 Ra8 26. d4 Qf7 27. d5 Ng7 28. Bb2 Re8 29. Rf2 Bg6 30. Ref1 Qe7 31. f4 Be4 32. fxg5 hxg5 33. Nd2 Bg6 34. e4 Rf8 35. Qe3 Nh5 36. Ba3 Qh7 37. h4 gxh4 38. gxh4 Kf7 39. Rg2 Ke7 40. Kf2 Nf4 41. Rh2 f5 42. exf5 Rxf5 43. Ke1 Bh5 44. Ne4 Qh6 45. Ng5 Qf6 46. Kd2 Nxd5 47. Rxf5 Nxe3 48. Rxf6 Nxf6 49. Rf2 Nxc4+ 50. Kc3 Nxa3 51. Kb3 Nb1 52. Kb2 Bg6 53. Nf3 Nd5 54. Rg2 Be4 55. Rg7+ Kf6 56. Rg3 Nbc3 57. Ng5 Nxa4+ 58. Ka3 Nc5 59. h5 Nf4 60. h6 Nh5 61. h7 Kg7 62. Rh3 Bxh7 63. Rxh5 Bd3 64. Rh1 Kg6 65. Nf3 Be4 66. Rg1+ Kf6 67. Nd2 Bd5 68. Rf1+ Ke6 69. Rg1 Kd7 70. Rg7+ Kc8 71. Re7 Ne4 72. Nf1 Nc3 73. Ne3 Nxb5+ 74. Ka4 Bc6 75. Kb3 Nd4+ 76. Kc4 b5+ 77. Kc3 Kb7 78. Rh7 Kb6 79. Rg7 a4 80. Kb4 Be4 81. Rg8 c5+ 82. Kc3 a3 83. Rb8+ Kc7 84. Rh8 b4+ 85. Kc4 a2 0-1


[Site "https://www.chess.com"]